cohdb
Replays
Latest Replays
All Replays
Popular Replays
Top Player Replays
Match Explorer
How It Works
Community
CoH3 Stats
Reddit
Sign in to upload your games and track your stats! →
Sign in with Steam
Match 39358366
Unlisted
Match 39358366
Overview
Messages
Build Orders
End
Royal Engineer Section
Construct Section Command Post
Infantry Section
Infantry Section
Infantry Section
Vickers Machine Gun Team
Construct Field Infirmary
Selects Indian Artillery Battlegroup
Selects Valour
Construct Platoon Command Post
Humber Armored Car
Selects Gurkha Rifles Section
6-pounder Anti-tank Gun Team
Selects Towed ML 4.2-inch Heavy Mortar
Grenade Package
Construct Company Command Post
Crusader II Medium Tank
Crusader II Medium Tank
Selects Volunteer Infantry
Foot Guards Section
Selects Off-map Airburst Barrage
Crusader II Medium Tank
Off-map Airburst Barrage
Crusader II Medium Tank
Selects Perimeter Monitor
Royal Engineer Section
Crusader II Medium Tank
Off-map Airburst Barrage
Unlock M3 Grant Medium Tanks
Off-map Airburst Barrage
M3 Grant Medium Tank
Off-map Airburst Barrage
BIOHAZARD
[LoB]Fagio
Dominik
beniu
0
0
Comments
sign in to comment!
No comments posted yet!